 Dungeon Crawl Stone Soup version 0.23.3-3-gaaff5abdbf (webtiles) character file.

Game seed: 15013502453015069219

141 Circulus the Stinger (level 5, -2/35 HPs)
             Began as a Demonspawn Venom Mage on May 30, 2019.
             Was an Initiate of Gozag.
             Slain by a quokka (4 damage)
             ... on level 4 of the Dungeon on Dec 7, 2020.
             The game lasted 00:40:47 (5305 turns).

Circulus the Stinger (Demonspawn Venom Mage)        Turns: 5305, Time: 00:40:48

Health: -2/35      AC:  4    Str:  9    XL:     5   Next: 3%
Magic:  8/8        EV: 12    Int: 17    God:    Gozag
Gold:   272        SH:  0    Dex: 13    Spells: 4/8 levels left

rFire    . . .     SeeInvis .   (no weapon)
rCold    . . .     Gourm    .   (no shield)
rNeg     . . .     Faith    .   a - +0 robe
rPois    .         Spirit   .   (no helmet)
rElec    .         Reflect  .   (no cloak)
rCorr    .         Harm     .   (no gloves)
MR       .....                  (no boots)
Stlth    ++........             (no amulet)
HPRegen  0.11/turn              (no ring)
MPRegen  0.11/turn              (no ring)

@: slowed, very slow
A: yellow scales 1, powered by pain 1
a: Potion Petition, Call Merchant, Bribe Branch, Renounce Religion


You were on level 4 of the Dungeon.
You worshipped Gozag.
Gozag was aware of your devotion.
You were not hungry.

You visited 1 branch of the dungeon, and saw 4 of its levels.

You collected 311 gold pieces.
You paid 39 gold pieces to Gozag.

Inventory:

Hand Weapons
 c - a +0 short sword
 g - a +0 dagger
 m - a +0 dagger
 p - a +0 hunting sling
Missiles
 n - 43 arrows
 o - 86 stones (quivered)
Armour
 a - a +0 robe (worn)
 k - a +0 leather armour
Scrolls
 d - a scroll of teleportation {unknown}
 f - 5 scrolls of identify {unknown}
 h - a scroll of remove curse {unknown}
 j - 2 scrolls of enchant weapon {unknown}
 l - 3 scrolls of noise {unknown}
 q - a scroll of fear {unknown}
Potions
 b - 4 potions of ambrosia {unknown}
 e - 3 potions of agility {unknown}
 i - a potion of haste {unknown}


   Skills:
 - Level 2.2 Dodging
 - Level 1.7 Stealth
 - Level 2.0 Spellcasting
 - Level 3.0 Conjurations
 + Level 1.8 Air Magic
 - Level 4.0 Poison Magic


You had 4 spell levels left.
You knew the following spells:

 Your Spells              Type           Power        Failure   Level  Hunger
a - Sting                 Conj/Pois      ##..         4%          1    #......
b - Mephitic Cloud        Conj/Pois/Air  ##......     17%         3    ###....

Your spell library contained the following spells:

 Spells                   Type           Power        Failure   Level  Hunger
 Poisonous Vapours        Pois/Air       ##....       9%          2    ###....
 Summon Small Mammal      Summ           #...         19%         1    #......
 Call Imp                 Summ           #.......     28%         2    ###....
 Olgreb's Toxic Radiance  Pois           ###.....     36%         4    #####..
 Call Canine Familiar     Summ           #.......     50%         3    ###....
 Summon Guardian Golem    Hex/Summ       #.......     50%         3    ###....
 Summon Lightning Spire   Summ/Air       #.......     78%         4    #####..
 Summon Ice Beast         Ice/Summ       #.......     88%         4    #####..
 Venom Bolt               Conj/Pois      ##........   77%         5    ######.


Dungeon Overview and Level Annotations

Branches:
Dungeon (4/15)
 Temple: D:4-7

Altars:
Gozag


Innate Abilities, Weirdness & Mutations

You are partially covered in yellow scales. (AC +2)
You sometimes gain a little power by taking damage.


Message History

The magic dart hits you.
* * * LOW HITPOINT WARNING * * *
The quokka closely misses you. The quokka bites you.
* * * LOW HITPOINT WARNING * * *
You climb downwards.
A leopard gecko, an iguana, a ball python and a worm come into view.
Found a robe.
There is a stone staircase leading up here.
The quokka barely misses you.
A hound comes into view.
The quokka barely misses you. The leopard gecko bites you.
* * * LOW HITPOINT WARNING * * *
The leopard gecko bites you.
* * * LOW HITPOINT WARNING * * *
The hound barks!
The quokka misses you. The quokka bites you.
You die...
Your body crumbles into a pile of gold.

.## .. ###
#########.##
...#...[......#
.###.#..........#
..............#.#
#..#h@#.#.....#.#
.###..r#..<......#
........l..........
.......##.##.....##
#...#.# #.# ....l#
...... ..# ...S.#
##.#.# #### ......#
# #. ......# ..
#......


You could see a hound, a leopard gecko and a quokka.

Vanquished Creatures
  An orc wizard (D:3)
  5 adders
  An adder skeleton (D:2)
  3 worms
  A dart slug (D:2)
  3 leopard geckos
  4 orcs (D:3)
  2 giant cockroaches (D:2)
  9 goblins
  3 hobgoblins
  3 quokkas
  2 bats (D:1)
  5 frilled lizards
  8 kobolds
  A rat (D:1)
51 creatures vanquished.

Notes
Turn   | Place    | Note
-------+----------+-------------------------------------------
     0 | D:1      | Circulus the Demonspawn Venom Mage began the quest for the
                  | Orb.
     0 | D:1      | Reached XP level 1. HP: 13/13 MP: 3/3
   524 | D:1      | Gained mutation: You are partially covered in yellow
                  | scales. (AC +2) [demonic ancestry]
   524 | D:1      | Reached XP level 2. HP: 19/19 MP: 1/5
   917 | D:1      | Upgraded the game from 0.23.2-1-ga50397a6bc to
                  | 0.23.2-33-g5129a83184
  1500 | D:1      | Upgraded the game from 0.23.2-33-g5129a83184 to
                  | 0.23.2-40-g277498a001
  2492 | D:2      | Reached XP level 3. HP: 24/24 MP: 1/6
  2547 | D:2      | Found an opulent altar of Gozag.
  2565 | D:2      | Became a worshipper of Gozag Ym Sagoz the Greedy
  2570 | D:2      | Learned a level 3 spell: Mephitic Cloud
  3721 | D:3      | Gained mutation: You sometimes gain a little power by
                  | taking damage. [demonic ancestry]
  3721 | D:3      | Reached XP level 4. HP: 21/30 MP: 1/7
  4693 | D:3      | Reached skill level 4 in Poison Magic
  4731 | D:3      | Reached skill level 1 in Air Magic
  5034 | D:3      | Reached XP level 5. HP: 35/35 MP: 3/8
  5224 | D:2      | Upgraded the game from 0.23.2-40-g277498a001 to
                  | 0.23.3-3-gaaff5abdbf
  5303 | D:4      | HP: 1/35 [leopard gecko (2)]
  5305 | D:4      | Slain by a quokka

Skill      XL: |  1  2  3  4 |
---------------+-------------+-----
Dodging        | 2 |  2.2
Conjurations   | 2 3 |  3.0
Poison Magic   | 4 |  4.0
Air Magic      | 1 |  1.8
Stealth        | |  1.7
Spellcasting   | |  2.0

Action                   |  1- 3 |  4- 6 || total
-------------------------+-------+-------++-------
Melee: Unarmed           |    20 |     1 ||    21
Throw: Stone             |     7 |       ||     7
 Cast: Sting             |    98 |    66 ||   164
       Mephitic Cloud    |     2 |     3 ||     5
  Eat: Chunk             |     3 |       ||     3
       Ration            |     2 |     2 ||     4
Armor: Robe              |    12 |     7 ||    19
Dodge: Dodged            |    31 |    20 ||    51
